 Dungeon Crawl Stone Soup version 0.31-a0-1154-gadca813884 (webtiles) character file.

Game seed: 12443208932069101632

2024 Dirtsage the Mimic (level 9, 0/61 HPs)
             Began as an Octopode Shapeshifter on Dec 7, 2023.
             Was an Initiate of the Shining One.
             Slain by a bullfrog (8 damage)
             ... on level 7 of the Dungeon.
             The game lasted 00:11:34 (5328 turns).

Dirtsage the Mimic (Octopode Shapeshifter)          Turns: 5328, Time: 00:11:34

Health: 0/61       AC:  1    Str: 14    XL:     9   Next: 23%
Magic:  9/9        EV: 18    Int: 12    God:    the Shining One [......]
Gold:   161        SH:  0    Dex: 15    Spells: 8/8 levels left

rFire   . .          .
                       - Unarmed
rCold   . . .        (shield currently unavailable)
rNeg    . . .        (helmet restricted)
rPois   .            (no amulet)
rElec   .            s - +4 ring of slaying
rCorr   .            (no ring)
SInv    .            (no ring)
Will    .....        (no ring)
Stlth   +            (no ring)
HPRegen 0.30/turn    (no ring)
MPRegen 0.11/turn    (no ring)
                     (no ring)

%: no passive effects
@: flux-form, glowing
A: glow, contaminating, almost no armour, amphibious, 8 rings, camouflage 1,
gelatinous body 1, (nimble swimmer 1), tentacles
a: Begin Untransformation, Renounce Religion


You were on level 7 of the Dungeon.
You worshipped the Shining One.
The Shining One was noncommittal.
You were something dangerously unstable.
You visited 1 branch of the dungeon, and saw 7 of its levels.
You also visited: Ossuary.

You collected 364 gold pieces.
You spent 203 gold pieces at shops.

Inventory:

Missiles
 m - 3 silver javelins
Armour
 x - a +0 buckler
Jewellery
 s - a +4 ring of slaying (left tentacle)
Talismans
 b - a beast talisman
 c - a flux talisman (active)
 g - a flux talisman (active)
Wands
 v - a wand of mindburst (21)
Scrolls
 e - 3 scrolls of noise
 f - a scroll of poison
 j - 2 scrolls of immolation
 k - 2 scrolls of fog
 t - 6 scrolls of teleportation
 B - 2 scrolls of blinking
Potions
 a - 3 potions of lignification
 d - a potion of might
 h - a potion of haste
 l - a potion of degeneration
 n - 4 potions of invisibility
 o - 2 potions of resistance {unknown}
 p - a potion of magic
 r - 3 potions of heal wounds {unknown}
 u - a potion of attraction
 w - a potion of enlightenment


   Skills:
 + Level 5.6 Fighting
 + Level 3.9 Dodging
 + Level 6.3 Unarmed Combat
 * Level 8.0 Shapeshifting


You had 8 spell levels left.
You didn't know any spells.
Your spell library contained the following spells:

 Spells                   Type           Power      Damage    Failure   Level
 Apportation              Tloc           0%         N/A       32%         1
 Necrotise                Necr           0%         1d4       32%         1
 Summon Small Mammal      Summ           0%         N/A       32%         1
 Ensorcelled Hibernation  Hex/Ice        0%         N/A       45%         2
 Jinxbite                 Hex            0%         N/A       45%         2
 Anguish                  Hex/Necr       0%         N/A       97%         4


Dungeon Overview and Level Annotations

Branches:
Dungeon (7/15)            Ossuary (visited)
 Temple: D:4-7

Altars:
Ashenzari
Fedhas
Kikubaaqudgha
Makhleb
Nemelex Xobeh
Sif Muna
Xom
The Shining One

Shops:
D:4 ?


Innate Abilities, Weirdness & Mutations

You are something dangerously unstable.
You glow with magical radiation, making you easy to see and hit.
Foes you strike become dangerously contaminated with magical radiation.
You are incapable of wielding weapons or throwing items.
You cannot wear most types of armour.
You are amphibious.
You can wear up to eight rings at the same time.
Your skin changes colour to match your surroundings (Stealth+).
Your rubbery body absorbs attacks. (AC +1, EV +1)
((You are camouflaged when in or above water. (Stealth+)))
You have tentacles for arms and can constrict up to eight enemies at once.


Message History

You tentacle-slap the centaur.
The centaur glows dangerously bright.
The centaur is severely wounded.
The bullfrog hits you!
* * * LOW HITPOINT WARNING * * *
The centaur hits you.
* * * LOW HITPOINT WARNING * * *
The centaur kicks you.
* * * LOW HITPOINT WARNING * * *
The bullfrog hits you!
* * * LOW HITPOINT WARNING * * *
You take 21 damage, and have 2/61 hp.
MASSIVE DAMAGE!!
You feel better. The centaur hits you.
* * * LOW HITPOINT WARNING * * *
The centaur kicks you.
* * * LOW HITPOINT WARNING * * *
The bullfrog completely misses you. The centaur completely misses you.
The centaur barely misses you.
You regained 9 hp, and now have 11/61 hp.
You barely miss the centaur.
The centaur is severely wounded.
The bullfrog completely misses you. The centaur hits you.
* * * LOW HITPOINT WARNING * * *
The centaur kicks you.
* * * LOW HITPOINT WARNING * * *
You take 3 damage, and have 8/61 hp.
You tentacle-slap the centaur.
The centaur shudders as magic cascades through it!
You kill the centaur!
The bullfrog barely misses you. The bullfrog misses you.
Your Shapeshifting skill increases to level 8!
Okay, then.
You tentacle-slap the bullfrog.
The bullfrog begins to glow.
You grab the bullfrog.
The bullfrog is lightly wounded.
You constrict the bullfrog. The bullfrog completely misses you.
You tentacle-slap the bullfrog.
The bullfrog glows dangerously bright.
You squeeze the bullfrog.
The bullfrog is moderately wounded.
You constrict the bullfrog. The bullfrog hits you!
You die...

.. #.. . #.#
.. #.. ...
##..####
....##..#...
......>...#
.........<#
.......p..#
####..)F..#
.............
####......####
#|.....#
#......#
#......#
########


You could see a bullfrog (heavy contam).

Vanquished Creatures
  Grinder (D:3)
  An ice beast (D:5)
  A black bear (D:6)
  A centaur (D:7)
  An ogre (D:6)
  A phantom (D:4)
  An elf zombie (Ossuary)
  Blork the orc (D:5)
  A scorpion (D:5)
  3 vampire bats (D:5)
  3 howler monkeys (D:5)
  2 centaur zombies (Ossuary)
  4 crimson imps (D:3)
  2 hounds
  4 jellies
  A human zombie (Ossuary)
  3 orc priests
  4 iguanas
  4 orc wizards
  A sleepcap (D:3)
  A mummy (Ossuary)
  9 adders
  A white imp (D:5)
  2 ufetubi (D:5)
  3 worms
  3 dart slugs
  10 orcs
  6 ball pythons
  3 bats
  5 bat skeletons (D:5)
  2 bat zombies (D:5)
  15 endoplasms
  A giant cockroach (D:1)
  13 goblins
  6 hobgoblins
  3 quokkas
  3 frilled lizards
  A goblin zombie (Ossuary)
  8 hobgoblin zombies (Ossuary)
  2 jackal zombies (Ossuary)
  10 kobolds
  11 kobold zombies (Ossuary)
  8 orc zombies (Ossuary)
  6 rats
  A rat zombie (Ossuary)
173 creatures vanquished.

Notes
Turn   | Place    | Note
-------+----------+-------------------------------------------
     0 | D:1      | Dirtsage the Octopode Shapeshifter began the quest for the
                  | Orb.
     0 | D:1      | Reached XP level 1. HP: 13/13 MP: 1/1
   255 | D:1      | Reached XP level 2. HP: 17/18 MP: 2/2
   777 | D:2      | Reached XP level 3. HP: 23/23 MP: 3/3
  1447 | D:3      | Noticed Grinder
  1449 | D:3      | Paralysed by Grinder for 2 turns
  1469 | D:3      | Killed Grinder
  1470 | D:3      | Reached skill level 4 in Shapeshifting
  1470 | D:3      | Reached XP level 4. HP: 22/30 MP: 4/4
  1470 | D:3      | Reached XP level 5. HP: 26/36 MP: 5/5
  1470 | D:3      | Reached XP level 6. HP: 30/41 MP: 6/6
  1763 | D:3      | Reached skill level 5 in Shapeshifting
  1881 | D:3      | Found a shimmering altar of Xom.
  1890 | D:3      | Reached XP level 7. HP: 29/46 MP: 3/7
  2384 | D:4      | Found a burning altar of Makhleb.
  2384 | D:4      | Found a shimmering altar of Xom.
  2384 | D:4      | Found a sparkling altar of Nemelex Xobeh.
  2384 | D:4      | Found a sparkling altar of Nemelex Xobeh.
  2384 | D:4      | Found a broken altar of Ashenzari.
  2384 | D:4      | Found a sparkling altar of Nemelex Xobeh.
  2654 | D:4      | Reached skill level 5 in Unarmed Combat
  2654 | D:4      | Reached skill level 6 in Shapeshifting
  2883 | D:4      | Found Kaumuica's Magic Scroll Emporium.
  2889 | D:4      | Bought a scroll of teleportation for 33 gold pieces
  2889 | D:4      | Bought a scroll of teleportation for 33 gold pieces
  2889 | D:4      | Bought a scroll of blinking for 82 gold pieces
  2889 | D:4      | Bought a scroll of noise for 11 gold pieces
  2889 | D:4      | Bought a scroll of fog for 44 gold pieces
  3188 | D:5      | Entered Level 5 of the Dungeon
  3189 | D:5      | Noticed Blork the orc
  3203 | D:5      | Killed Blork the orc
  3314 | D:5      | Reached XP level 8. HP: 54/54 MP: 8/8
  3373 | D:5      | Found a sand-covered staircase.
  3378 | Ossuary  | Entered an ossuary
  3671 | Ossuary  | Reached skill level 7 in Shapeshifting
  3891 | D:5      | Found an ancient bone altar of Kikubaaqudgha.
  3900 | D:5      | Reached skill level 5 in Fighting
  4161 | D:5      | Reached XP level 9. HP: 56/61 MP: 9/9
  4206 | D:5      | Found a glowing golden altar of the Shining One.
  4453 | D:5      | Found a shimmering blue altar of Sif Muna.
  4483 | D:5      | Became a worshipper of the Shining One
  4528 | D:6      | Found a blossoming altar of Fedhas.
  5323 | D:7      | HP: 2/61 [bullfrog (9)]
  5327 | D:7      | Reached skill level 8 in Shapeshifting
  5328 | D:7      | Slain by a bullfrog

Illustrated notes

Levels and vault maps discovered:
D:1:      tarquinn_simple_flora_water_b, layout_basic
D:2:      layout_basic
D:3:      minmay_wonky_spiral, layout_loops_ring, led_xom_imps,
          grunt_ministairs_6, uniq_grinder
D:4:      cheibrodos_fertilizer, layout_loops_ring, serial_shops, shop,
          grunt_decor_one_mirror, minmay_crystal_room
D:5:      layout_cave_pools, lemuel_blue_sif_altar, kennysheep_vampire_church,
          mainiacjoe_overflow_boulevard, enter_ossuary_3, uniq_blork_the_orc
D:6:      layout_basic, fedhas_altar_3, minmay_misc_feat_secret_circle
D:7:      layout_rooms, minmay_temple_entry_ruins

Skill      XL: |  1  2  3  4  5  6  7  8  9 |
---------------+----------------------------+-----
Fighting       | 2 3 4 5 |  5.6
Unarmed Combat | 4 5 6 |  6.3
Shapeshifting  | 4 5 6 7 8 |  8.0
Dodging        | 3 |  3.9

Action                     |  1- 3 |  4- 6 |  7- 9 || total
---------------------------+-------+-------+-------++-------
  Melee: Unarmed           |    60 |    35 |   239 ||   334
         Constrict         |    11 |    11 |    81 ||   103
         Tentacles         |     7 |     8 |    72 ||    87
         Punch             |       |       |     1 ||     1
    Use: Scroll            |       |       |    11 ||    11
         Potion            |       |       |     2 ||     2
   Stab: Sleeping          |     8 |       |     8 ||    16
 Armour: Skin              |    25 |    14 |   100 ||   139
  Dodge: Dodged            |    27 |    19 |   183 ||   229
   Form: Flux              |       |       |     1 ||     1

Table legend: (Time is in decaauts)
 A = Elapsed time spent in this place.
 B = Non-inter-level travel time spent in this place.
 C = Inter-level travel time spent in this place.
 D = Time resting spent in this place.
 E = Time spent auto-exploring this place.
 F = Levels seen in this place.
 G = Mean time per level.
                   A        B        C        D        E       F      G
               +--------+--------+--------+--------+--------+-----+--------+
         Total |   5299 |   5085 |    214 |    336 |   3739 |   8 |  662.4 |
       Dungeon |   4838 |   4624 |    214 |    225 |   3610 |   7 |  691.1 |
       Ossuary |    460 |    460 |      0 |    111 |    129 |   1 |  460.0 |
               +--------+--------+--------+--------+--------+-----+--------+

Top non-repeatable levels by time:
     D:3: 999 daAuts
     D:4: 942 daAuts
     D:5: 839 daAuts
     D:6: 807 daAuts
     D:1: 772 daAuts
     D:2: 465 daAuts
 Ossuary: 460 daAuts
     D:7: 12 daAuts
